[Event "Titled Tuesday Blitz March 07 Early 2023"]
[White "Papasimakopoulos, Alexandros"]
[Black "Tymrakiewicz, Rafal"]
[WhiteFideId "4244125"]
[BlackFideId "1108832"]
[WhiteElo "2359"]
[BlackElo "2151"]
[Result "1/2-1/2"]
[Round "06"]
[TimeControl "180+2"]
[Date "2023.03.07"]
[WhiteClock "0:00:14"]
[BlackClock "0:00:04"]

1. d4 d5 2. c4 Bf5 3. Nc3 e6 4. Bf4 c6 5. e3 Qb6 6. Qb3 Nd7 7. c5 Qxb3 8. axb3 a6 9. Nf3 h6 10. h3 g5 11. Bh2 Ngf6 12. b4 Rc8 13. Nd2 Bg7 14. Nb3 Kd8 15. Na5 Rc7 16. Bxc7+ Kxc7 17. Nxb7 Kxb7 18. Bxa6+ Kc7 19. b5 Rb8 20. bxc6 Kxc6 21. Ra2 Ne4 22. Nxe4 Bxe4 23. O-O e5 24. Rd1 Bc2 25. Rc1 Bb3 26. Ra3 exd4 27. exd4 Bxd4 28. Be2 Nxc5 29. Ra6+ Rb6 30. Ra7 Rb7 31. Ra6+ Rb6 32. Ra8 f6 33. Rc8+ Kd6 34. Rd8+ Ke7 35. Rh8 Ne6 36. Rxh6 Bxb2 37. Rb1 Bd4 38. Bg4 Bc2 39. Re1 Rb1 40. Rxb1 Bxb1 41. Rh8 f5 42. Rh7+ Kd6 43. Bf3 g4 44. Bxd5 Kxd5 45. hxg4 fxg4 46. Rh5+ Ke4 47. Kf1 Bd3+ 48. Ke1 Bc3+ 49. Kd1 Nf4 50. f3+ gxf3 51. gxf3+ Kxf3 52. Rh6 Be5 53. Kd2 Be4 54. Ra6 Kg4 55. Ra7 Kf5 56. Ke3 Nd5+ 57. Kd2 Bf4+ 58. Ke2 Be5 59. Rh7 Bd4 60. Rh5+ Kf4 61. Rh4+ Ke5 62. Rh5+ Kd6 63. Rh6+ Kc5 64. Kd2 Kc4 65. Rh4 Bd3 66. Rg4 Nb4 67. Rg8 Be4 68. Rc8+ Bc5 69. Rc7 Nd5 70. Rc8 Kd4 71. Rd8 Bb4+ 72. Ke2 Bc5 73. Kd2 Bb4+ 74. Ke2 Be7 75. Re8 Bg5 76. Ra8 Nc3+ 77. Ke1 Be3 78. Rd8+ Kc4 79. Re8 Kd3 80. Rd8+ Bd4 81. Re8 Ke3 82. Kf1 Nd5 83. Re6 Nf4 84. Re8 Kf3 85. Ke1 Be3 86. Kd1 Bd3 87. Rf8 Be4 88. Rf7 Bd4 89. Rf8 Ke3 90. Ke1 Bc3+ 91. Kf1 Bd2 92. Kg1 Be1 93. Kf1 Bg3 94. Rg8 Kf3 95. Rg7 Bd3+ 96. Kg1 Ne2+ 97. Kh1 Be4 98. Rxg3+ Nxg3+ 99. Kh2 Bf5 100. Kg1 Bh3 101. Kh2 Bf5 102. Kg1 Bg4 103. Kh2 Nf1+ 104. Kg1 Ne3 105. Kh2 Nd1 106. Kg1 Nf2 107. Kf1 Bf5 108. Ke1 Ne4 109. Kd1 Ke3 110. Kc2 Kd4 111. Kb3 Nc5+ 112. Kb4 Bd3 113. Ka3 Kc4 114. Kb2 Na4+ 115. Kc1 Kc3 116. Kd1 Nb2+ 117. Ke1 Nc4 118. Kf2 Kd4 119. Kg3 Nd2 120. Kg4 Ke5 121. Kg5 Bf5 122. Kh6 Kf6 123. Kh5 Nf3 124. Kh6 Ng5 125. Kh5 Nf3 126. Kh6 Be4 127. Kh5 Bf5 1/2-1/2


[Site "https://www.chess.com"]

[Event "Titled Tuesday Blitz March 07 Early 2023"]
[White "Golubev, Mikhail"]
[Black "Prokofiev, Valentyn"]
[WhiteFideId "14100983"]
[BlackFideId "14160161"]
[WhiteElo "2374"]
[BlackElo "2260"]
[Result "0-1"]
[Round "06"]
[TimeControl "180+2"]
[Date "2023.03.07"]
[WhiteClock "0:00:01"]
[BlackClock "0:00:03"]

1. e4 c5 2. Nf3 d6 3. d4 cxd4 4. Nxd4 Nf6 5. Nc3 a6 6. Bc4 b5 7. Bb3 Bb7 8. O-O e6 9. Re1 Nbd7 10. a4 bxa4 11. Bxa4 Rc8 12. Nd5 Be7 13. Nxe7 Qxe7 14. Nf5 exf5 15. exf5 Ne4 16. f3 O-O 17. Bxd7 Qxd7 18. fxe4 Rfe8 19. Bf4 Bxe4 20. c3 d5 21. Rxa6 Qxf5 22. Bg3 Bd3 23. Ra1 h6 24. Qd2 Be4 25. h3 Qg6 26. Kh2 Re6 27. Bf4 Rb6 28. Rf1 Kh7 29. Rf2 Re6 30. Be3 Rce8 31. Bd4 f5 32. Re1 Qf7 33. b4 Qc7+ 34. Qf4 Qb7 35. Qd2 g5 36. h4 Qc7+ 37. Kg1 Qg3 38. Re3 Qxh4 39. Rh3 Qg4 40. Kh2 f4 41. b5 Qf5 42. b6 Rf8 43. g3 Qg4 0-1


[Site "https://www.chess.com"]

[Event "Titled Tuesday Blitz March 07 Early 2023"]
[White "Kvaloy, Aksel Bu"]
[Black "Petrova, Irina"]
[WhiteFideId "1528815"]
[BlackFideId "14124122"]
[WhiteElo "2208"]
[BlackElo "2084"]
[Result "1-0"]
[Round "06"]
[TimeControl "180+2"]
[Date "2023.03.07"]
[WhiteClock "0:00:57"]
[BlackClock "0:00:28"]

1. d4 d6 2. e4 Nf6 3. Nc3 g6 4. h4 c5 5. dxc5 Qa5 6. cxd6 Nxe4 7. dxe7 Bxe7 8. Qd4 Nf6 9. Bg5 Nbd7 10. O-O-O O-O 11. Nf3 Bc5 12. Qf4 Nh5 13. Qd2 Ndf6 14. Bc4 Bg4 15. Bxf6 Nxf6 16. Qg5 Bxf3 17. gxf3 Nh5 18. Rd5 b6 19. Ne4 Qb4 20. Bb3 Be7 21. Qh6 Ng7 22. h5 gxh5 23. Rg1 1-0


[Site "https://www.chess.com"]

[Event "Titled Tuesday Blitz March 07 Early 2023"]
[White "Mamedov, Edgar"]
[Black "Sargissyan, Sargis"]
[WhiteFideId "13739980"]
[BlackFideId "13303210"]
[WhiteElo "2330"]
[BlackElo "2109"]
[Result "0-1"]
[Round "06"]
[TimeControl "180+2"]
[Date "2023.03.07"]
[WhiteClock "0:00:01"]
[BlackClock "0:00:06"]

1. c4 Nf6 2. Nc3 g6 3. g3 Bg7 4. Bg2 O-O 5. Nf3 d6 6. d4 Nc6 7. O-O e5 8. dxe5 dxe5 9. Qxd8 Rxd8 10. Bg5 h6 11. Bxf6 Bxf6 12. Nd5 Kg7 13. Nxc7 Rb8 14. Nd5 e4 15. Nd2 e3 16. fxe3 Bxb2 17. Rab1 Be5 18. Nb3 Bg4 19. Rf2 Rbc8 20. Nc5 b6 21. Nd3 Be6 22. Rbf1 Bd6 23. N3f4 Ne5 24. Nxe6+ fxe6 25. Nf4 Re8 26. Bh3 Bc5 27. Nxe6+ Rxe6 28. Bxe6 Re8 29. Bd5 Bxe3 30. Kg2 Bxf2 31. Rxf2 Rc8 32. e4 Rc7 33. Rc2 Kf8 34. Kf2 Ke7 35. Ke3 Rc8 36. a4 Rf8 37. Kd4 Kd6 38. Kc3 Rf3+ 39. Kd2 Ra3 40. a5 Rxa5 41. Kd1 Ra1+ 42. Ke2 Rh1 43. Ke3 Re1+ 44. Kf2 Nd3+ 45. Kg2 Ne5 46. Rd2 Kc5 47. Rc2 Kd6 48. Rd2 Kc5 49. Rc2 Ra1 50. Rf2 Nxc4 51. Rc2 Ra4 52. Kf3 b5 53. Bxc4 Rxc4 54. Rd2 a5 55. e5 Rc1 56. e6 Re1 0-1


[Site "https://www.chess.com"]

[Event "Titled Tuesday Blitz March 07 Early 2023"]
[White "Malek, Jan"]
[Black "Foerster-Yialamas, Lucas"]
[WhiteFideId "21864080"]
[BlackFideId "30901774"]
[WhiteElo "2255"]
[BlackElo "2067"]
[Result "1-0"]
[Round "06"]
[TimeControl "180+2"]
[Date "2023.03.07"]
[WhiteClock "0:00:29"]
[BlackClock "0:00:20"]

1. b3 e5 2. Bb2 Nc6 3. e4 g6 4. Bb5 Bg7 5. Nf3 Qe7 6. Na3 a6 7. Bxc6 bxc6 8. O-O Nh6 9. Nc4 d6 10. d4 exd4 11. Nxd4 c5 12. Nc6 Qf8 13. Bxg7 Qxg7 14. Nxd6+ cxd6 15. Qxd6 f6 16. Rad1 Rf8 17. Qxc5 Bd7 18. e5 fxe5 19. Rfe1 Be6 20. Rxe5 Kf7 21. Rxe6 Kg8 22. Re7 Qf6 23. Rc7 Rae8 24. h3 Kh8 25. Qd4 Qxd4 26. Nxd4 Rd8 27. c3 Nf5 28. Rc6 a5 29. Rc5 a4 30. bxa4 Rf6 31. a5 Rfd6 32. a4 Nxd4 33. Rxd4 Rxd4 34. cxd4 Rxd4 35. a6 Rxa4 36. Rc8+ Kg7 37. Rc7+ Kf6 38. a7 h5 39. g3 g5 40. Kg2 g4 41. h4 Ra2 42. Kf1 Ke6 43. Rh7 Kf6 44. Ke1 Kg6 45. Rb7 Kf6 46. Kd1 Kf5 47. Kc1 Ke4 48. Kb1 Ra6 49. Kb2 Kf3 50. Rf7+ Kg2 51. Kb3 Rxa7 52. Rxa7 Kxf2 53. Rh7 Kxg3 54. Rxh5 Kf4 55. Rg5 g3 56. Rg8 Kf3 57. h5 g2 58. h6 Kf2 59. Rxg2+ Kxg2 60. h7 Kf3 61. h8=Q Ke2 62. Qc3 Kf2 63. Kc4 Kf1 64. Kd4 Kg1 65. Ke4 Kh1 66. Kf3 Kh2 67. Qc2+ Kh3 68. Qh7# 1-0


[Site "https://www.chess.com"]

[Event "Titled Tuesday Blitz March 07 Early 2023"]
[White "Miszler, Levente"]
[Black "Tan, Jun Ying"]
[WhiteFideId "763276"]
[BlackFideId "5710413"]
[WhiteElo "2176"]
[BlackElo "2089"]
[Result "0-1"]
[Round "06"]
[TimeControl "180+2"]
[Date "2023.03.07"]
[WhiteClock "0:00:03"]
[BlackClock "0:00:08"]

1. Nf3 c5 2. c4 Nf6 3. Nc3 e6 4. g3 b6 5. Bg2 Bb7 6. O-O Be7 7. d4 cxd4 8. Qxd4 d6 9. b3 O-O 10. Ba3 Ne8 11. Rfd1 Nd7 12. Rac1 a6 13. Ne4 Nc5 14. Nfd2 Qc7 15. Nxc5 bxc5 16. Qd3 Bxg2 17. Kxg2 Nf6 18. Bb2 Rfd8 19. Bxf6 Bxf6 20. Ne4 Be7 21. Rc2 a5 22. Rcd2 d5 23. cxd5 exd5 24. Nc3 d4 25. Na4 Bg5 26. Rc2 Be7 27. Qf3 Rac8 28. Rdc1 Qa7 29. Qd3 h6 30. Qb5 Qa8+ 31. Kg1 Bg5 32. Rd1 Qe4 33. Qd3 Qe7 34. Qb5 Qe4 35. Rd3 Rb8 36. Nxc5 Qxe2 37. Rxe2 Rxb5 38. Ne4 f5 39. Nxg5 hxg5 40. Red2 Rbd5 41. Kg2 g4 42. f3 gxf3+ 43. Kxf3 g5 44. a3 Kf7 45. b4 axb4 46. axb4 Kf6 47. Rc2 g4+ 48. Kf4 R8d6 49. Rc5 Re6 50. Rc6 Rxc6 0-1


[Site "https://www.chess.com"]

[Event "Titled Tuesday Blitz March 07 Early 2023"]
[White "Prudnykova, Olga"]
[Black "Colas, Joshua"]
[WhiteFideId "14121093"]
[BlackFideId "2044447"]
[WhiteElo "2113"]
[BlackElo "2347"]
[Result "0-1"]
[Round "06"]
[TimeControl "180+2"]
[Date "2023.03.07"]
[WhiteClock "0:00:03"]
[BlackClock "0:01:03"]

1. e4 c6 2. d4 d5 3. exd5 cxd5 4. c4 Nf6 5. Nc3 e6 6. Nf3 Be7 7. cxd5 Nxd5 8. Bd3 Nxc3 9. bxc3 Qc7 10. Bb2 O-O 11. O-O Nc6 12. Qe2 Bf6 13. Qe4 g6 14. Rac1 b6 15. c4 Bb7 16. Qg4 Rad8 17. Rfd1 h5 18. Qh3 Nxd4 19. Nxd4 Bxd4 20. Ba3 Bc5 21. Bb2 Qf4 22. Rf1 Qd2 23. Bf6 Rxd3 24. Qh4 Bd4 25. Bg5 Qxa2 26. Bh6 Bg7 27. Bxg7 Kxg7 28. Qf4 Rfd8 29. Rce1 Qb2 30. Qc7 R8d7 31. Qb8 Qf6 32. h3 Rxh3 33. gxh3 Qg5+ 0-1


[Site "https://www.chess.com"]

[Event "Titled Tuesday Blitz March 07 Early 2023"]
[White "Domingo Nunez, Ruben"]
[Black "Saito, Vinicius"]
[WhiteFideId "22245570"]
[BlackFideId "2113384"]
[WhiteElo "2404"]
[BlackElo "2152"]
[Result "1-0"]
[Round "06"]
[TimeControl "180+2"]
[Date "2023.03.07"]
[WhiteClock "0:00:02"]
[BlackClock "0:00:02"]

1. b3 d5 2. Bb2 Nf6 3. Nf3 Bf5 4. g3 h6 5. Bg2 e6 6. O-O Be7 7. d3 a5 8. a4 Nc6 9. Nbd2 O-O 10. Ne5 Nxe5 11. Bxe5 Nd7 12. e4 dxe4 13. dxe4 Bh7 14. Bc3 c6 15. Qe2 Bc5 16. Rad1 Qb6 17. Nc4 Qc7 18. Qg4 Bg6 19. h4 h5 20. Qg5 b5 21. Ne5 Nxe5 22. Bxe5 Qe7 23. Qf4 Rfd8 24. Bf3 f6 25. Bc3 e5 26. Qc1 b4 27. Bb2 Rxd1 28. Rxd1 Rd8 29. Rd3 Rd6 30. Qd1 Qd7 31. Kg2 Rxd3 32. cxd3 Bd4 33. Bc1 Qf7 34. Qc2 c5 35. Be3 Kh7 36. Qd1 Bxe3 37. fxe3 Qe8 38. g4 Kh6 39. Qc1 Qd7 40. g5+ fxg5 41. hxg5+ Kxg5 42. Qxc5 Qxd3 43. Qxe5+ Kh6 44. Qf4+ Kh7 45. e5 Qd2+ 46. Kg3 Qe1+ 47. Kh3 Qf1+ 48. Bg2 Qxf4 49. exf4 Bc2 50. Bd5 Kg6 51. Be6 Bd1 52. Kh4 Bc2 53. Kg3 Bd1 54. Kh3 Bc2 55. Kh4 Bd1 56. f5+ Kh6 57. Bf7 1-0


[Site "https://www.chess.com"]

[Event "Titled Tuesday Blitz March 07 Early 2023"]
[White "Vlassov, Nikolai"]
[Black "Liu, Casper"]
[WhiteFideId "4103360"]
[BlackFideId "1454153"]
[WhiteElo "2324"]
[BlackElo "2221"]
[Result "1-0"]
[Round "06"]
[TimeControl "180+2"]
[Date "2023.03.07"]
[WhiteClock "0:01:44"]
[BlackClock "0:02:22"]

1. e4 c5 2. c3 Nf6 3. e5 Nd5 4. d4 cxd4 5. cxd4 g6 6. Nc3 Nxc3 7. bxc3 Bg7 8. h4 O-O 9. h5 d6 10. f4 dxe5 11. fxe5 f6 12. Bc4+ e6 13. hxg6 fxe5 14. Qh5 hxg6 15. Qh7+ Kf7 16. Nf3 Qc7 17. Nxe5+ Ke8 18. Qxg6+ 1-0


[Site "https://www.chess.com"]

[Event "Titled Tuesday Blitz March 07 Early 2023"]
[White "Jakubowski, Krzysztof"]
[Black "Afanasieva, Alexandra"]
[WhiteFideId "1112848"]
[BlackFideId "34126926"]
[WhiteElo "2359"]
[BlackElo "1763"]
[Result "0-1"]
[Round "06"]
[TimeControl "180+2"]
[Date "2023.03.07"]
[WhiteClock "0:00:02"]
[BlackClock "0:00:09"]

1. e4 c5 2. Nf3 e6 3. d4 cxd4 4. Nxd4 Nf6 5. Nc3 Nc6 6. Ndb5 Bc5 7. Nd6+ Ke7 8. Bf4 e5 9. Nf5+ Kf8 10. Bg5 d6 11. Ne3 Be6 12. Qd2 h6 13. Bxf6 Qxf6 14. Ncd5 Qg6 15. Bd3 Rc8 16. O-O Nd4 17. Kh1 h5 18. b4 Bb6 19. c3 Nc6 20. Nc4 Ne7 21. Ncxb6 axb6 22. Nxb6 Rd8 23. f4 exf4 24. Qxf4 Nc6 25. a4 Ne5 26. Be2 h4 27. h3 Ke7 28. a5 Qg3 29. Qxg3 hxg3 30. Rfe1 Rh6 31. Kg1 Rdh8 32. Bf1 g5 33. a6 bxa6 34. Rxa6 g4 35. Ra7+ Kf6 36. Re3 gxh3 37. Rxg3 h2+ 38. Kh1 Ng4 39. Rf3+ Kg7 40. Ra2 Rf6 0-1


[Site "https://www.chess.com"]

[Event "Titled Tuesday Blitz March 07 Early 2023"]
[White "Melikyan, Gnel"]
[Black "Yang,ching Wei, Austin"]
[WhiteFideId "54109990"]
[BlackFideId "16300440"]
[WhiteElo "2138"]
[BlackElo "2101"]
[Result "1-0"]
[Round "06"]
[TimeControl "180+2"]
[Date "2023.03.07"]
[WhiteClock "0:01:01"]
[BlackClock "0:00:13"]

1. Na3 e5 2. Nc4 Nc6 3. e4 Nf6 4. d3 Bc5 5. Nf3 d6 6. Be2 Be6 7. Ne3 h6 8. O-O Qe7 9. c3 Bb6 10. d4 exd4 11. cxd4 d5 12. e5 Ne4 13. Nc2 O-O-O 14. Be3 g5 15. Nd2 Nxd2 16. Qxd2 Rdg8 17. b4 h5 18. a4 a5 19. b5 Nb8 20. Rfc1 g4 21. Ne1 h4 22. Bf4 Nd7 23. Ra2 Kb8 24. Rac2 Nf8 25. Nd3 Ng6 26. Bg5 Qd7 27. Nc5 Bxc5 28. Rxc5 Rc8 29. b6 cxb6 30. Bb5 Rxc5 31. dxc5 Qc7 32. cxb6 Qxb6 33. Be3 Qd8 34. Qd4 b6 35. Rc6 1-0


[Site "https://www.chess.com"]

[Event "Titled Tuesday Blitz March 07 Early 2023"]
[White "Perez Gormaz, Matias"]
[Black "Garrido, Denis"]
[WhiteFideId "3406342"]
[BlackFideId "601217"]
[WhiteElo "2362"]
[BlackElo "2253"]
[Result "1-0"]
[Round "06"]
[TimeControl "180+2"]
[Date "2023.03.07"]
[WhiteClock "0:00:09"]
[BlackClock "0:00:01"]

1. Nf3 Nf6 2. b3 e6 3. Bb2 d5 4. e3 c5 5. c4 Nc6 6. cxd5 exd5 7. Bb5 Bd6 8. O-O O-O 9. d4 cxd4 10. Nxd4 Bc7 11. Re1 Qd6 12. g3 Re8 13. Bf1 Bg4 14. Be2 Bxe2 15. Qxe2 a6 16. Nd2 Ne5 17. Red1 Qd7 18. Rac1 Bb6 19. N2f3 Qh3 20. Qf1 Qg4 21. Qe2 Nxf3+ 22. Qxf3 Qh3 23. Nf5 Ng4 24. Qg2 Qxg2+ 25. Kxg2 g6 26. Nd6 Re6 27. Rxd5 Nxf2 28. Nc4 Ng4 29. e4 Ne3+ 30. Nxe3 Bxe3 31. Rc7 Rxe4 32. Rdd7 Bh6 33. Rxf7 Re2+ 34. Rf2 Rae8 35. Rxb7 Rxf2+ 36. Kxf2 Rd8 37. Bc3 Bd2 38. Be5 Bg5 39. h4 Rd2+ 40. Kf3 Bd8 41. a4 h5 42. Ke4 Kf8 43. Bd4 1-0


[Site "https://www.chess.com"]

[Event "Titled Tuesday Blitz March 07 Early 2023"]
[White "Jimenez Almeida, Luis David"]
[Black "Mohamed, Saeed Laily"]
[WhiteFideId "22242244"]
[BlackFideId "9314946"]
[WhiteElo "2245"]
[BlackElo "1767"]
[Result "1-0"]
[Round "06"]
[TimeControl "180+2"]
[Date "2023.03.07"]
[WhiteClock "0:00:14"]
[BlackClock "0:00:01"]

1. e4 c6 2. Nc3 d5 3. Qf3 dxe4 4. Nxe4 Nf6 5. Bc4 e6 6. Ne2 Nbd7 7. d4 Nxe4 8. Qxe4 Nf6 9. Qf3 Qc7 10. Bg5 Nd5 11. O-O-O b5 12. Bd3 Bd6 13. Kb1 Bd7 14. h4 c5 15. dxc5 Qxc5 16. Be4 Bc6 17. Rhe1 O-O 18. g4 Qc4 19. Rd4 Qc5 20. Rdd1 Be5 21. Bc1 f5 22. gxf5 Rxf5 23. Qb3 Rff8 24. f4 Bf6 25. f5 Rad8 26. fxe6 Rfe8 27. Bf5 a5 28. Bg5 a4 29. Qd3 Nb4 30. Bxh7+ Kh8 31. Qg6 Qxc2+ 32. Qxc2 Nxc2 33. Bxc2 Rxd1+ 34. Rxd1 Bxg5 35. hxg5 Bf3 36. Rd2 Kg8 37. a3 g6 38. Nd4 Bd5 39. Bxg6 1-0


[Site "https://www.chess.com"]

[Event "Titled Tuesday Blitz March 07 Early 2023"]
[White "Yelisieiev, Yevhenii"]
[Black "Samarth, J Rao"]
[WhiteFideId "14139642"]
[BlackFideId "46652370"]
[WhiteElo "2447"]
[BlackElo "1564"]
[Result "1-0"]
[Round "06"]
[TimeControl "180+2"]
[Date "2023.03.07"]
[WhiteClock "0:00:12"]
[BlackClock "0:00:02"]

1. d4 d5 2. Nf3 Nf6 3. c4 e6 4. Nc3 c6 5. Bg5 h6 6. Bh4 dxc4 7. a4 Bb4 8. e3 g5 9. Bg3 b5 10. Qc2 Bb7 11. h4 g4 12. Ne5 Nbd7 13. Be2 h5 14. O-O Bxc3 15. bxc3 Nb6 16. Rfb1 Qd5 17. f3 Rg8 18. e4 Qd8 19. fxg4 Nxg4 20. Bxg4 hxg4 21. a5 f6 22. axb6 fxe5 23. Rxa7 Rxa7 24. bxa7 exd4 25. cxd4 Qxd4+ 26. Bf2 Qd3 27. Qa2 Kd7 28. Re1 g3 29. Bc5 Kc8 30. a8=Q+ Bxa8 31. Qxa8+ Kd7 32. Qxg8 Qc3 33. Qf7+ Kd8 34. Rd1+ Kc8 35. Qd7+ Kb8 36. Qd8+ Kb7 37. Qb6+ Kc8 38. Rd8# 1-0


[Site "https://www.chess.com"]

[Event "Titled Tuesday Blitz March 07 Early 2023"]
[White "Fiorito, Joaquin"]
[Black "Delorme, Alban"]
[WhiteFideId "180173"]
[BlackFideId "623636"]
[WhiteElo "2157"]
[BlackElo "2196"]
[Result "1-0"]
[Round "06"]
[TimeControl "180+2"]
[Date "2023.03.07"]
[WhiteClock "0:01:19"]
[BlackClock "0:00:02"]

1. d4 Nf6 2. Nc3 d5 3. Bf4 Bf5 4. f3 e6 5. g4 Bg6 6. Qd2 Bd6 7. h4 h6 8. Nh3 a6 9. e3 c5 10. Bxd6 Qxd6 11. Nf4 Bh7 12. g5 Nfd7 13. O-O-O b5 14. g6 Bxg6 15. Nxg6 fxg6 16. Qg2 g5 17. hxg5 h5 18. Bd3 Nc6 19. Bg6+ Kd8 20. dxc5 Qxc5 21. Kb1 Nde5 22. f4 Nxg6 23. Nxd5 Kc8 24. Qh3 Re8 25. Nc3 Kc7 26. Qxh5 Nge7 27. Qf7 Rad8 28. Qxe6 Nf5 29. Nd5+ Rxd5 30. Qxd5 Qxd5 31. Rxd5 Nxe3 32. Re1 Nb4 33. Rd3 Nbxc2 34. Rc3+ Kd6 35. Rxc2 Nxc2 36. Rxe8 Nd4 37. Rd8+ Kc5 38. Rg8 Ne6 39. f5 Nxg5 40. Rxg7 Ne4 41. Rg6 Kd4 42. f6 Nd6 43. Rg7 Ke5 44. f7 Kf6 45. f8=Q+ 1-0


[Site "https://www.chess.com"]

[Event "Titled Tuesday Blitz March 07 Early 2023"]
[White "Gonzalez, Francisco Silva"]
[Black "Mahdavi, Reza"]
[WhiteFideId "1512285"]
[BlackFideId "12595926"]
[WhiteElo "2074"]
[BlackElo "2208"]
[Result "0-1"]
[Round "06"]
[TimeControl "180+2"]
[Date "2023.03.07"]
[WhiteClock "0:00:41"]
[BlackClock "0:01:00"]

1. d4 Nf6 2. c4 g6 3. Nc3 Bg7 4. e4 d6 5. f3 O-O 6. Be3 c5 7. Nge2 Nc6 8. d5 Ne5 9. Ng3 e6 10. Be2 exd5 11. cxd5 b5 12. Nxb5 Rb8 13. Qd2 h5 14. O-O h4 15. Nh1 h3 16. g4 Nxf3+ 17. Rxf3 Nxe4 18. Qc2 Re8 19. Nxa7 Rxb2 20. Qd3 Bxg4 21. Nc6 Qd7 22. Raf1 Bxf3 23. Bxf3 c4 24. Qxc4 Nd2 25. Bxd2 Rxd2 26. Nf2 Qf5 27. Qg4 Qc2 28. Nxh3 Rxh2 29. Nf2 Rh5 30. Qg3 Rf5 31. Bg4 Rxd5 32. Bd7 Re2 33. Qh4 Rh5 34. Qd8+ Kh7 35. Ne7 Rg5+ 36. Kh1 Rxf2 37. Qg8+ Kh6 38. Nf5+ gxf5 39. Qh8+ Bxh8 0-1


[Site "https://www.chess.com"]

[Event "Titled Tuesday Blitz March 07 Early 2023"]
[White "lisjakzlatko1"]
[Black "Nazari, Arad"]
[BlackFideId "12577324"]
[WhiteElo "2195"]
[BlackElo "2313"]
[Result "0-1"]
[Round "06"]
[TimeControl "180+2"]
[Date "2023.03.07"]
[WhiteClock "0:00:27"]
[BlackClock "0:00:21"]

1. d4 Nf6 2. Nc3 d5 3. Bf4 e6 4. e3 c5 5. Nb5 Na6 6. c3 Qb6 7. a4 Bd7 8. a5 Qc6 9. Nf3 c4 10. Na3 Bd6 11. Ne5 Qc7 12. Nc2 Nb8 13. Bg3 Nc6 14. Nxd7 Nxd7 15. Qg4 g6 16. a6 b5 17. Be2 h5 18. Qg5 Rd8 19. Na3 Rb8 20. e4 Bxg3 21. fxg3 b4 22. exd5 exd5 23. Qxd5 bxa3 24. Bxc4 O-O 25. bxa3 Ne7 26. Qe4 Qxc4 0-1


[Site "https://www.chess.com"]

[Event "Titled Tuesday Blitz March 07 Early 2023"]
[White "Fiedorek, Michal"]
[Black "Derix, Bernhard"]
[WhiteFideId "1199528"]
[BlackFideId "4642368"]
[WhiteElo "2135"]
[BlackElo "2578"]
[Result "1-0"]
[Round "06"]
[TimeControl "180+2"]
[Date "2023.03.07"]
[WhiteClock "0:00:06"]
[BlackClock "0:00:18"]

1. e4 c5 2. Nf3 e6 3. d4 cxd4 4. Nxd4 a6 5. c4 Nf6 6. Nc3 Qc7 7. Bd3 d6 8. O-O Nbd7 9. Qe2 Ne5 10. b3 Nxd3 11. Qxd3 Be7 12. Bd2 O-O 13. Rac1 b6 14. f3 Bb7 15. Rfd1 Rab8 16. Be3 Ba8 17. Qe2 Nd7 18. Qf2 Rfc8 19. Na4 Nc5 20. Nb2 Bf6 21. b4 Nd7 22. Nd3 Be7 23. Nb3 Qd8 24. c5 bxc5 25. bxc5 d5 26. exd5 Bxd5 27. Nf4 Bc6 28. Nd4 Qc7 29. Qg3 Bxc5 30. Rxc5 Nxc5 31. Nxc6 Qxc6 32. Nh5 g6 33. Nf6+ Kh8 34. Qh4 h5 35. Qg5 Kg7 36. Nxh5+ Kf8 37. Qh6+ Ke8 38. Qh8+ Ke7 39. Bg5+ 1-0


[Site "https://www.chess.com"]

[Event "Titled Tuesday Blitz March 07 Early 2023"]
[White "Belov, Alexei"]
[Black "Zacurdajev, Dmitry"]
[WhiteFideId "4128206"]
[BlackFideId "4196309"]
[WhiteElo "2573"]
[BlackElo "2179"]
[Result "0-1"]
[Round "06"]
[TimeControl "180+2"]
[Date "2023.03.07"]
[WhiteClock "0:00:36"]
[BlackClock "0:00:20"]

1. e4 c6 2. d4 d5 3. Nd2 dxe4 4. Nxe4 Nf6 5. Nxf6+ exf6 6. c3 Bd6 7. Bd3 Na6 8. Ne2 Nc7 9. Qc2 h5 10. Be3 Be6 11. c4 Kf8 12. Nc3 h4 13. h3 g6 14. O-O-O b5 15. d5 cxd5 16. cxb5 Kg7 17. Kb1 Qd7 18. Qa4 Be5 19. Ne2 a6 20. Nd4 axb5 21. Qb4 Ra4 22. Qc5 Rha8 23. Nxb5 Rxa2 24. Bd4 Nxb5 25. Bxb5 Bxd4 26. Rxd4 Bf5+ 27. Kc1 Qe6 28. Bc6 Ra1+ 29. Kd2 Rxh1 30. Bxa8 Qe1# 0-1


[Site "https://www.chess.com"]

[Event "Titled Tuesday Blitz March 07 Early 2023"]
[White "Yaksin, Oleg"]
[Black "Nur-Mukhametova, Alisa"]
[WhiteFideId "24105880"]
[BlackFideId "54117739"]
[WhiteElo "2289"]
[BlackElo "1903"]
[Result "0-1"]
[Round "06"]
[TimeControl "180+2"]
[Date "2023.03.07"]
[WhiteClock "0:00:01"]
[BlackClock "0:00:08"]

1. e4 c5 2. Nf3 d6 3. d4 cxd4 4. Nxd4 Nf6 5. Nc3 a6 6. Bg5 e6 7. Qd2 h6 8. Bh4 Nxe4 9. Qf4 Nf6 10. Qe3 Be7 11. O-O-O O-O 12. Bg3 e5 13. Nde2 Qc7 14. f4 Nc6 15. h3 Be6 16. Bh2 b5 17. g4 b4 18. Na4 Nd5 19. Qd2 exf4 20. Nxf4 Nxf4 21. Bxf4 Ne5 22. Bg2 Rac8 23. Kb1 a5 24. Rhe1 Bd7 25. Bxe5 Bxa4 26. b3 dxe5 27. bxa4 Bg5 28. Qe2 Qc3 29. Rd3 Qc4 30. Bd5 Qc5 0-1


[Site "https://www.chess.com"]

[Event "Titled Tuesday Blitz March 07 Early 2023"]
[White "Devaev, Alexander"]
[Black "Toropov, Pavel"]
[WhiteFideId "4169395"]
[BlackFideId "24129178"]
[WhiteElo "2225"]
[BlackElo "2182"]
[Result "1-0"]
[Round "06"]
[TimeControl "180+2"]
[Date "2023.03.07"]
[WhiteClock "0:00:18"]
[BlackClock "0:00:15"]

1. Nf3 d5 2. d4 Nf6 3. c4 c6 4. Qc2 g6 5. Bf4 Bg7 6. e3 O-O 7. Bd3 a6 8. Nbd2 b5 9. b3 Nbd7 10. h3 Bb7 11. O-O e6 12. Bd6 Re8 13. c5 Bf8 14. Bxf8 Kxf8 15. Ne5 Nxe5 16. dxe5 Nd7 17. Qc3 Qe7 18. b4 a5 19. a3 f6 20. f4 fxe5 21. fxe5+ Kg8 22. e4 Rf8 23. Nf3 a4 24. Rae1 Rf7 25. exd5 cxd5 26. Bxb5 Nf8 27. Nd4 Rxf1+ 28. Rxf1 Qc7 29. Qe3 Rd8 30. Rf6 Bc8 31. Bxa4 Bd7 32. Bxd7 Qxd7 33. c6 Qa7 34. b5 Rb8 35. Rf3 Ra8 36. Kh2 Qc7 37. Rxf8+ Rxf8 38. Nxe6 Qe7 39. Nxf8 Kxf8 40. b6 d4 41. Qxd4 Qxa3 42. Qd6+ Qxd6 43. exd6 1-0


[Site "https://www.chess.com"]

[Event "Titled Tuesday Blitz March 07 Early 2023"]
[White "Slade, Theodore"]
[Black "Rodchenkov, Sergey D."]
[WhiteFideId "426547"]
[BlackFideId "4168712"]
[WhiteElo "1964"]
[BlackElo "2277"]
[Result "1-0"]
[Round "06"]
[TimeControl "180+2"]
[Date "2023.03.07"]
[WhiteClock "0:01:09"]
[BlackClock "0:00:12"]

1. d4 d5 2. c4 dxc4 3. Nf3 Nf6 4. e3 e6 5. Bxc4 c5 6. O-O a6 7. dxc5 Bxc5 8. Qxd8+ Kxd8 9. Be2 Ke7 10. Nfd2 Nbd7 11. Bf3 g5 12. Nc3 g4 13. Be2 h5 14. b3 Bb4 15. Bb2 Rg8 16. Rac1 b5 17. a3 Ba5 18. b4 Bb6 19. a4 bxa4 20. Nxa4 Ba7 21. Rfd1 Bb7 22. Rc7 Bd5 23. e4 Ba2 24. Bxf6+ Kxf6 25. Rxd7 Rac8 26. Rxa7 1-0


[Site "https://www.chess.com"]